 Dungeon Crawl Stone Soup version 0.28-a0-247-gb8bfbab023 (webtiles) character file.

Game seed: 12074991230169326065

909 senseless the Skirmisher (level 7, -7/62 HPs)
             Began as a Demigod Fighter on Aug 25, 2021.
             Killed by nerve-wracking pain
             ... invoked by an orc priest
              (13 damage)
             ... on level 6 of the Dungeon.
             The game lasted 00:11:40 (5741 turns).

senseless the Skirmisher (Demigod Fighter)          Turns: 5741, Time: 00:11:41

Health: -7/62      AC: 12    Str: 21    XL:     7   Next: 51%
Magic:  9/9        EV:  7    Int: 10    God:
Gold:   210        SH: 12    Dex: 17    Spells: 6/6 levels left

rFire   . . .      SeeInvis .   v - +5 scimitar
rCold   . . .      Faith    .   c - +2 kite shield
rNeg    . . .      Spirit   .   b - +0 scale mail
rPois   .          Reflect  .   m - +1 helmet
rElec   .          Harm     .   (no cloak)
rCorr   .          Rampage  .   (no gloves)
Will    .....                   k - +2 pair of boots
Stlth   ..........              (no amulet)
HPRegen 0.20/turn               (no ring)
MPRegen 0.11/turn               (no ring)

@: no status effects
A: high mp 1, forlorn
a: no special abilities


You were on level 6 of the Dungeon.
You visited 1 branch of the dungeon, and saw 5 of its levels.

You collected 210 gold pieces.

Inventory:

Hand Weapons
 a - a +0 long sword
 i - a +4 hand axe
 j - a +0 falchion of protection
 s - a +3 mace
 u - a +3 great sword of freezing
 v - a +5 scimitar (weapon)
Missiles
 p - 6 poisoned darts (quivered)
Armour
 b - a +0 scale mail (worn)
 c - a +2 kite shield (worn)
 k - a +2 pair of boots (worn)
 m - a +1 helmet (worn)
Wands
 q - a wand of iceblast (6)
Scrolls
 f - a scroll of magic mapping
 y - a scroll of summoning {unknown}
Potions
 d - a potion of might
 e - 2 potions of flight
 g - 2 potions of lignification
 h - a potion of curing {unknown}
 l - a potion of cancellation {unknown}
 n - a potion of invisibility {unknown}
 o - a potion of mutation {unknown}
 r - a potion of ambrosia {unknown}
 t - a potion of heal wounds {unknown}
 x - a potion of magic {unknown}


   Skills:
 * Level 5.8 Fighting
 + Level 3.0 Long Blades
 - Level 2.2 Axes
 + Level 4.5 Armour
 + Level 4.5 Shields


You had 6 spell levels left.
You didn't know any spells.
Your spell library contained the following spells:

 Spells                   Type           Power      Damage    Failure   Level
 Sandblast                Erth           0%         2d4       98%         1
 Passwall                 Tmut/Erth      0%         N/A       99%         2
 Gell's Gravitas          Tloc           0%         N/A       100%        3
 Inner Flame              Hex/Fire       0%         N/A       100%        3
 Teleport Other           Tloc           0%         N/A       100%        3
 Cause Fear               Hex            0%         N/A       100%        4
 Lee's Rapid Deconstruct  Erth           0%         3d5*      100%        5
 Dispersal                Tloc           0%         N/A       100%        6
 Discord                  Hex            0%         N/A       100%        8


Dungeon Overview and Level Annotations

Branches:
Dungeon (4/15)
 Temple: D:4-7

Shops:
D:1 *


Innate Abilities, Weirdness & Mutations

Your attributes grow dramatically as you level up.
You have an increased reservoir of magic. (+10% MP)
You shall have no god before yourself.


Message History

The gnoll sergeant freezes you.
You see here a +0 flail.
You barely miss the gnoll sergeant. The gnoll hits you with a +0 spear.
The gnoll barely misses you.
You riposte.
You completely miss the gnoll. You block the gnoll sergeant's attack.
The gnoll hits you but does no damage. You block the gnoll's attack.
The gnoll closely misses you.
You slash the gnoll sergeant!
The gnoll sergeant is moderately wounded.
The gnoll barely misses you.
You riposte.
Your scale mail prevents you from hitting the gnoll.
The gnoll sergeant hits you with a +0 spear of freezing!
The gnoll sergeant freezes you. You block the gnoll's attack.
The gnoll barely misses you. The gnoll hits you with a +0 spear.
You block the gnoll's attack. The gnoll hits you but does no damage.
The gnoll sergeant hits you with a +0 spear of freezing!
* * * LOW HITPOINT WARNING * * *
The gnoll sergeant freezes you.
* * * LOW HITPOINT WARNING * * *
The gnoll hits you with a +0 whip.
* * * LOW HITPOINT WARNING * * *
You block the gnoll's attack. The gnoll hits you but does no damage.
The gnoll sergeant barely misses you. You block the gnoll's attack.
The gnoll sergeant closely misses you.
The gnoll sergeant hits you but does no damage.
Found a stone staircase leading up.
An orc comes into view. It is wielding a +0 trident.
The orc shouts!
You hear a shout! x2
The orc moves out of view.
You hear a shout!
An orc comes into view. It is wielding a +0 dagger.
An orc and an orc priest come into view.
The orc priest shouts!
The orc shouts!
An orc comes into view. It is wielding a +0 dagger.
You block the orc's attack. The orc hits you with a +0 trident.
* * * LOW HITPOINT WARNING * * *
The orc priest calls down the wrath of Beogh upon you.
Pain shoots through your body!
You die...

.....[..)###....#.#....
.....:...###.##.#...#..
.........#...
#.........
.........#.##
##.##..#.. .........#.#
#.# ..... ........#..#
#.##..... .......##.##
#..oo.... #####.....#
#o.o.....
###.g.######@<......
#...gg..g.o.......
#....g####........
#####...##........
###.##........
..######... ... ...
#### ..


You could see a gnoll sergeant, an orc priest, 3 gnolls and 4 orcs.

Vanquished Creatures
  2 black bears (D:4)
  2 scorpions (D:4)
  5 wights (D:4)
  A crimson imp (D:4)
  An orc priest (D:4)
  2 jellies
  A centaur skeleton (D:6)
  3 orc wizards
  2 hound skeletons (D:4)
  A gnoll (D:6)
  6 adders
  2 worms
  3 dart slugs
  10 orcs
  6 ball pythons
  7 bats
  6 endoplasms
  4 giant cockroaches
  6 goblins
  9 hobgoblins
  6 jackals
  3 kobolds
  5 quokkas
  2 frilled lizards (D:1)
  A goblin skeleton (D:4)
  2 goblin zombies (D:4)
  3 hobgoblin zombies (D:4)
  A kobold skeleton (D:4)
  A kobold zombie (D:4)
  6 rats
109 creatures vanquished.

Vanquished Creatures (others)
  4 fungi (D:1)
  A plant (D:1)
5 creatures vanquished.

Grand Total: 114 creatures vanquished

Notes
Turn   | Place    | Note
-------+----------+-------------------------------------------
     0 | D:1      | senseless the Demigod Fighter began the quest for the Orb.
     0 | D:1      | Reached XP level 1. HP: 18/18 MP: 3/3
   123 | D:1      | Found Ciengeck's Assorted Antiques.
   460 | D:1      | Reached skill level 3 in Fighting
   460 | D:1      | Reached XP level 2. HP: 11/26 MP: 4/4
   734 | D:1      | You fall into a shaft and drop 1 floor!
  1415 | D:1      | Reached XP level 3. HP: 28/31 MP: 5/5
  2591 | D:2      | Reached XP level 4. HP: 38/38 MP: 6/6
  4246 | D:4      | Reached skill level 4 in Fighting
  4246 | D:4      | Reached skill level 1 in Axes
  4246 | D:4      | Reached XP level 5. HP: 46/46 MP: 7/7
  4624 | D:4      | Noticed a black bear
  4632 | D:4      | Killed a black bear
  4752 | D:4      | Reached XP level 6. HP: 50/53 MP: 8/8
  4910 | D:4      | Reached skill level 5 in Fighting
  5109 | D:4      | Reached XP level 7. HP: 61/61 MP: 9/9
  5408 | D:4      | You fall into a shaft and drop 2 floors!
  5741 | D:6      | Killed from afar by an orc priest

Illustrated notes

Levels and vault maps discovered:
D:1:      dpeg_arrival_yet_another_circle, layout_basic, serial_shops,
          nicolae_shop_behind_doors, shapermc_ecumenical_altar_mp_urbaneastern
D:2:      kennysheep_six_static_rooms, layout_loops_corners
D:3:      layout_loops_corners
D:4:      layout_cave_pods, nicolae_tso_besieged_by_evil, minmay_starry_boxes
D:6:      layout_rooms

Skill      XL: |  1  2  3  4  5  6  7 |
---------------+----------------------+-----
Fighting       | 3 4 5 |  5.8
Long Blades    | 2 3 |  3.0
Shields        | 3 4 |  4.5
Armour         | 3 4 |  4.5
Axes           | 1 2 |  2.2

Action                   |  1- 3 |  4- 6 |  7- 9 || total
-------------------------+-------+-------+-------++-------
Melee: Long sword        |   145 |    29 |       ||   174
       Hand axe          |       |   144 |       ||   144
       Scimitar          |       |     3 |    42 ||    45
Throw: Dart              |       |     9 |       ||     9
  Use: Scroll            |       |     8 |     1 ||     9
Armor: Scale mail        |    86 |    64 |    40 ||   190
Dodge: Dodged            |    48 |    44 |    21 ||   113
Block: Kite shield       |    89 |   103 |    55 ||   247
       Rpst.: Long sword |    10 |     5 |       ||    15
       Scimitar          |       |       |     3 ||     3

Table legend: (Time is in decaauts)
 A = Elapsed time spent in this place.
 B = Non-inter-level travel time spent in this place.
 C = Inter-level travel time spent in this place.
 D = Time resting spent in this place.
 E = Time spent auto-exploring this place.
 F = Levels seen in this place.
 G = Mean time per level.
                   A        B        C        D        E       F      G
               +--------+--------+--------+--------+--------+-----+--------+
         Total |   5926 |   5789 |    137 |    243 |   4557 |   5 | 1185.2 |
       Dungeon |   5926 |   5789 |    137 |    243 |   4557 |   5 | 1185.2 |
               +--------+--------+--------+--------+--------+-----+--------+

Top non-repeatable levels by time:
     D:2: 1628 daAuts
     D:1: 1557 daAuts
     D:4: 1318 daAuts
     D:3: 1078 daAuts
     D:6: 342 daAuts
